 Dungeon Crawl Stone Soup version 0.18-a0-1314-g2549be2 (webtiles) character file.

1800 Oddball22 the Magician (level 8, -4/66 HPs)
             Began as a White Draconian Transmuter on Feb 15, 2016.
             Was a Believer of Sif Muna.
             Slain by an orc
             ... wielding a +0 trident
              (7 damage)
             ... on level 7 of the Dungeon.
             The game lasted 00:15:38 (6022 turns).

Oddball22 the Magician (White Draconian Transmuter) Turns: 6022, Time: 00:15:38

Health: -4/66      AC:  2    Str: 13    XL:     8   Next: 83%
Magic:  13/17      EV: 21    Int: 19    God:    Sif Muna [**....]
Gold:   194        SH:  0    Dex: 19    Spells: 5 memorised, 4 levels left

rFire  . . .     SeeInvis .       - Unarmed
rCold  . . .     Gourm    .     (armour unavailable)
rNeg   . . .     Faith    .     (shield currently unavailable)
rPois  x         Spirit   .     (helmet currently unavailable)
rElec  .         Dismiss  .     (cloak currently unavailable)
rCorr  .         Reflect  .     (gloves currently unavailable)
SustAt .         Harm     .     (boots currently unavailable)
MR     .....                    o - amulet of rage
Stlth  ++........               u - ring of wizardry
                                j - +6 ring of intelligence

@: spider-form, not resistant to hostile enchantments, unstealthy
A: (breathe frost), unfitting armour, (cold resistance 0), (cold-blooded), AC +6
a: End Transformation, Channel Energy, Renounce Religion, Evoke Berserk Rage


You were on level 7 of the Dungeon.
You worshipped Sif Muna.
Sif Muna was pleased with you.
You were not hungry.
You were a venomous arachnid creature.
You visited 1 branch of the dungeon, and saw 7 of its levels.

You collected 194 gold pieces.

Inventory:

Hand Weapons
 v - a +1 short sword of venom
Missiles
 a - 79 arrows
 p - 28 bolts
 D - 14 arrows of flame
 E - 2 javelins (quivered)
Jewellery
 j - a +6 ring of intelligence (left front leg)
 o - an amulet of rage (around neck)
 u - a ring of wizardry (right front leg)
Wands
 C - a wand of lightning (4/15)
Scrolls
 d - 6 scrolls of remove curse {unknown}
 e - 7 scrolls of identify {unknown}
 h - 3 scrolls of fear {unknown}
 k - a scroll of immolation {unknown}
 y - a scroll of enchant weapon {unknown}
 z - 3 scrolls of teleportation {unknown}
 B - a scroll of brand weapon {unknown}
Potions
 f - a potion of might {unknown}
 g - 4 potions of brilliance {unknown}
 i - a potion of degeneration {unknown}
 l - a potion of ambrosia {unknown}
 m - 2 potions of resistance {unknown}
 n - a potion of lignification {unknown}
 q - a potion of haste {unknown}
 r - 3 potions of curing
 t - a potion of mutation {unknown}
 w - a potion of heal wounds {unknown}
 A - a potion of experience {unknown}
 G - a potion of flight {unknown}
Books
 b - a book of Changes

   Spells                             Type                      Level
   a - Beastly Appendage              Transmutation                1
   b - Sticks to Snakes               Transmutation                2
   c - Spider Form                    Transmutation/Poison         3
   d - Ice Form                       Ice/Transmutation            4
   e - Blade Hands                    Transmutation                5
 x - a book of Enchantments

   Spells                             Type                      Level
   a - Cause Fear                     Hexes                        4
   b - Yara's Violent Unravelling     Hexes/Transmutation          5
   c - Silence                        Hexes/Air                    5
   d - Deflect Missiles               Charms/Air                   6
   e - Haste                          Charms                       6
   f - Discord                        Hexes                        8
Comestibles
 c - 3 bread rations
 s - 2 meat rations


   Skills:
 - Level 3.7 Fighting
 - Level 3.3 Dodging
 - Level 5.9 Unarmed Combat
 * Level 6.1 Spellcasting
 + Level 4.8 Transmutations
 + Level 1.4 Ice Magic
 + Level 4.0 Poison Magic


You had 4 spell levels left.
You knew the following spells:

 Your Spells              Type           Power        Failure   Level  Hunger
a - Beastly Appendage     Trmt           ###...       2%          1    None
b - Sticks to Snakes      Trmt           ###.....     4%          2    None
c - Spider Form           Trmt/Pois      ###.......   9%          3    ##.....
d - Ice Form              Ice/Trmt       ###.....     26%         4    ####...
e - Blade Hands           Trmt           ###.......   38%         5    #####..


Dungeon Overview and Level Annotations

Branches:
Dungeon (7/15)             Temple (0/1) D:6

Altars:
Ashenzari
Sif Muna

Shops:
D:4 !   D:6 [[=*


Innate Abilities, Weirdness & Mutations

((You can breathe waves of freezing cold.))
((You can buffet flying creatures when you breathe cold.))
((Your icy white scales are hard (AC +6).))
Your body does not fit into most forms of armour.
((Your flesh is cold resistant.))
((You are cold-blooded and may be slowed by cold attacks.))


Message History

The orc warrior completely misses you.
You barely miss the orc warrior.
The orc warrior is heavily wounded.
The orc misses you.
The orc warrior hits you with a trident!!
* * * LOW HITPOINT WARNING * * *
Casting: Spider Form
Confirm with . or Enter, or press ? or * to list all spells.
You extend your transformation's duration.
The orc hits you from afar with a trident!
* * * LOW HITPOINT WARNING * * *
You are too injured to fight recklessly!
You are too injured to fight recklessly!
You are too injured to fight recklessly!
You hit the orc warrior.
The orc warrior is almost dead.
You kill the orc warrior!
Your Poison Magic skill increases to level 4!
The orc hits you from afar with a trident!
You die...

#.... ...#####
#.#.#.#.#.. #...#
#.........###...#
#.#.#.#.#..+....#
+..........#..<.#
#....##..####.###
#....#....###.#
#....'........#
#.s).#........#
#)[..#...###..#
...o....#...###..#
.........#........#
..........#........+
..........##########
...........
......####..


You could see an orc.

Vanquished Creatures
  Grinder (D:3)
  A hungry ghost (D:7)
  An ice beast (D:5)
  An orc warrior (D:7)
  A phantom (D:4)
  2 ogres
  2 centaurs (D:5)
  2 scorpions (D:4)
  A water moccasin skeleton (D:4)
  A giant frog zombie (D:5)
  2 hounds
  A gnoll shaman (D:5)
  A centaur skeleton (D:4)
  Jessica (D:2)
  3 iguanas
  3 orc wizards
  3 worker ants
  A hound skeleton (D:6)
  Robin (D:3)
  5 gnolls (D:5)
  8 adders
  A shadow imp (D:5)
  3 adder skeletons (D:4)
  A worm (D:3)
  3 giant geckos
  27 orcs
  2 ball pythons
  6 giant cockroaches
  16 goblins
  10 hobgoblins
  7 jackals
  5 quokkas
  8 bats
  A giant cockroach zombie (D:5)
  A giant gecko skeleton (D:5)
  6 giant newts
  2 jackal skeletons (D:4)
  6 kobolds
  A quokka skeleton (D:6)
  8 rats
156 creatures vanquished.

Notes
Turn   | Place    | Note
--------------------------------------------------------------
     0 | D:1      | Oddball22 the Draconian Transmuter began the quest for the Orb.
     0 | D:1      | Reached XP level 1. HP: 16/16 MP: 3/3
   179 | D:1      | Reached XP level 2. HP: 21/23 MP: 5/5
   602 | D:1      | Reached XP level 3. HP: 10/28 MP: 4/6
   966 | D:1      | Reached skill level 4 in Unarmed Combat
  1015 | D:1      | Learned a level 2 spell: Sticks to Snakes
  1019 | D:1      | Learned a level 3 spell: Spider Form
  1442 | D:2      | Noticed Jessica
  1448 | D:2      | Killed Jessica
  1448 | D:2      | Reached XP level 4. HP: 36/36 MP: 5/7
  1926 | D:3      | Noticed Grinder
  1937 | D:3      | Killed Grinder
  1937 | D:3      | Reached skill level 5 in Unarmed Combat
  1937 | D:3      | Reached XP level 5. HP: 45/45 MP: 5/8
  1937 | D:3      | Reached XP level 6. HP: 51/51 MP: 5/9
  2270 | D:3      | Noticed Robin
  2283 | D:3      | Killed Robin
  2709 | D:4      | Found a shattered altar of Ashenzari.
  2787 | D:4      | Found a deep blue altar of Sif Muna.
  2798 | D:4      | Became a worshipper of Sif Muna the Loreminder
  2910 | D:4      | Found Xole's Distillery.
  2938 | D:4      | Reached XP level 7. HP: 58/58 MP: 7/10
  2938 | D:4      | Your scales start taking on an icy white colour.
  2938 | D:4      | Gained mutation: Your flesh is cold resistant. [White Draconian growth]
  2950 | D:4      | Reached skill level 1 in Poison Magic
  2983 | D:4      | HP: 2/58 [poisoned by a scorpion]
  3669 | D:4      | Reached * piety under Sif Muna
  4098 | D:5      | Entered Level 5 of the Dungeon
  4193 | D:5      | Reached XP level 8. HP: 56/66 MP: 10/14
  4273 | D:5      | Reached ** piety under Sif Muna
  4589 | D:5      | Reached skill level 5 in Spellcasting
  5297 | D:5      | Learned a level 4 spell: Ice Form
  5303 | D:5      | Learned a level 5 spell: Blade Hands
  5367 | D:6      | Found Xourobig's Assorted Antiques.
  5638 | D:6      | Found Xuxusef's Antique Armour Shoppe.
  5640 | D:6      | Found a staircase to the Ecumenical Temple.
  5663 | D:6      | Found Noutogusa's Antique Armour Shop.
  5725 | D:6      | Found Ushritt's Jewellery Shoppe.
  5989 | D:7      | Reached skill level 6 in Spellcasting
  5989 | D:7      | Reached skill level 1 in Ice Magic
  6021 | D:7      | HP: 3/66 [orc/trident (7)]
  6022 | D:7      | Slain by an orc

Vault maps used:
D:1:      elethiomel_arrival_infinity_welcomes_careful_drivers
D:2:      first_bread, uniq_jessica
D:3:      uniq_grinder, uniq_robin
D:4:      led_sif_book, old_standard_altar, serial_shops, shop
D:6:      minmay_temple_entry_trees, serial_shops, kennysheep_little_box,
          nicolae_shop_behind_doors, shop, shop
D:7:      minitemple, glass_columns_c

Action                   |  1- 3 |  4- 6 |  7- 9 || total
-------------------------+-------+-------+-------++-------
Melee: Unarmed           |   128 |   143 |   262 ||   533
 Cast: Beastly Appendage |     8 |    14 |    18 ||    40
       Spider Form       |       |     5 |    13 ||    18
 Abil: Evoke Berserk Rag |     1 |     2 |       ||     3
       Breathe Frost     |       |       |     3 ||     3
  Use: Potion            |       |       |     1 ||     1
 Stab: Sleeping          |     1 |     2 |     2 ||     5
       Distracted        |       |       |     1 ||     1
  Eat: Chunk             |     2 |     8 |    11 ||    21
       Bread ration      |       |       |     1 ||     1
